[Event "32nd Panamerican Youth 2022"]
[Site "Montevideo"]
[Date "2022.06.28"]
[Round "4.35"]
[White "Hernandez, Jeronimo"]
[Black "Jaque Gutierrez, Matias"]
[Result "0-1"]
[ECO "B40"]
[WhiteElo "2121"]
[BlackElo "2011"]
[Annotator "RC"]
[PlyCount "23"]
[EventDate "2022.06.26"]
[EventType "swiss"]
[EventCountry "URU"]
[SourceTitle "playchess.com"]
[Source "ChessBase"]
[SourceQuality "1"]
[TimeControl "5400+30"]

1. e4 c5 2. Nf3 e6 3. c4 Nc6 4. Be2 g5 5. h3 Bg7 6. d3 h6 7. Nc3 Nge7 8. Be3 Nd4 9. O-O Nec6 10. Nb5 Nxf3+ 11. Bxf3 d6 12. Bh5 0-1

[Event "32nd Panamerican Youth 2022"]
[Site "Montevideo"]
[Date "2022.06.30"]
[Round "7.4"]
[White "Oro, Faustino"]
[Black "Ayala Delgado, Sergio Alejandro"]
[Result "0-1"]
[ECO "C42"]
[WhiteElo "2008"]
[BlackElo "1598"]
[Annotator "RC"]
[PlyCount "48"]
[EventDate "2022.06.26"]
[EventType "swiss"]
[EventCountry "URU"]
[SourceTitle "playchess.com"]
[Source "ChessBase"]
[SourceQuality "1"]
[TimeControl "5400+30"]

1. e4 e5 2. Nf3 Nf6 3. Nxe5 Nxe4 4. Qe2 Qe7 5. Qxe4 d6 6. d4 dxe5 7. dxe5 Nc6 8. Bb5 Bd7 9. Nc3 O-O-O 10. Bf4 a6 11. Bc4 Be6 12. O-O Bxc4 13. Qxc4 Rd4 14. Qe2 Rxf4 15. Nd5 Qg5 16. Nxf4 Qxf4 17. Rfe1 Bc5 18. g3 Qf5 19. Kg2 Re8 20. f4 Qe6 21. Qe4 f5 22. Qe2 Nd4 23. Qd3 Qc6+ 24. Kh3 Re6 0-1

[Event "32nd Panamerican Youth 2022"]
[Site "Montevideo"]
[Date "2022.06.30"]
[Round "7.5"]
[White "Gomez Gonzales, Fabiana"]
[Black "Vidyarthi, Omya"]
[Result "0-1"]
[ECO "D00"]
[WhiteElo "1366"]
[BlackElo "1872"]
[Annotator "NA RC"]
[PlyCount "82"]
[EventDate "2022.06.26"]
[EventType "swiss"]
[EventCountry "URU"]
[SourceTitle "playchess.com"]
[Source "ChessBase"]
[SourceQuality "1"]
[TimeControl "5400+30"]

1. d4 d5 2. Bf4 Nf6 3. e3 c5 4. c3 Nc6 5. Nd2 e6 6. Ngf3 cxd4 {[%emt 0:00:12] is recently more successful than 6...Bd6.} 7. exd4 Nh5 8. Bg5 f6 9. Bh4 Nf4 10. Bg3 Bd6 11. Bxf4 Bxf4 12. Bb5 {[%emt 0:03:12] [#]} O-O $146 ({Predecessor:} 12... Qc7 13. O-O O-O 14. Re1 e5 15. g3 Bxd2 16. Qxd2 e4 17. Nh4 Ne7 18. Rac1 a6 {0-1 (52) Arciniegas Castro,S (1389)-Oliveros,C (2049) Barranquilla 2018}) 13. O-O a6 14. Ba4 Bc7 15. Re1 b5 16. Bc2 Qd6 17. Nf1 e5 18. Bb3 Rd8 19. h3 (19. Ne3 $14 Ne7 20. dxe5 fxe5 21. g3) 19... h6 20. a3 (20. dxe5 $11 fxe5 21. Qd3) 20... Be6 21. Rc1 (21. dxe5 $15 fxe5 22. Rc1) 21... e4 22. N3d2 f5 23. f3 Rd7 24. fxe4 (24. Ba2 $17 {was called for.}) 24... fxe4 25. Qh5 Kh7 (25... Rf7 $142 26. Re3 Raf8) 26. Re3 g6 27. Qh4 Rf8 28. a4 Rf4 $19 29. Qg3 Qf8 30. Qe1 Rf6 31. axb5 axb5 32. Ra1 Rdf7 33. Ra6 {[%emt 0:05:08] [#]} (33. Qe2 $142) 33... Rxf1+ $1 34. Nxf1 Rxf1+ 35. Qxf1 Bh2+ 36. Kxh2 Qxf1 37. Rxc6 Qf4+ 38. Rg3 h5 39. Rxe6 h4 40. Bxd5 hxg3+ 41. Kg1 Qc1# 0-1

[Event "32nd Panamerican Youth 2022"]
[Site "Montevideo"]
[Date "2022.06.30"]
[Round "7.6"]
[White "Su, Jasmine Zhixin"]
[Black "Carvajal Mendoza, Maria Belen"]
[Result "1-0"]
[ECO "B06"]
[WhiteElo "1984"]
[BlackElo "1377"]
[Annotator "RC"]
[PlyCount "85"]
[EventDate "2022.06.26"]
[EventType "swiss"]
[EventCountry "URU"]
[SourceTitle "playchess.com"]
[Source "ChessBase"]
[SourceQuality "1"]
[TimeControl "5400+30"]

1. e4 g6 2. d4 Bg7 3. Nc3 c6 4. Nf3 d5 5. Be3 Bg4 6. Be2 dxe4 7. Nxe4 Nd7 8. h3 Bxf3 9. Bxf3 Ngf6 10. c3 O-O 11. Nxf6+ Nxf6 12. Qc2 Qc7 13. O-O-O Rfd8 14. Kb1 Rac8 15. Rhe1 b5 16. g4 Rd7 17. Qc1 a5 18. Bf4 Qa7 19. Be5 Nd5 20. g5 c5 21. dxc5 Rxc5 22. Ka1 Bxe5 23. Rxe5 e6 24. Bxd5 Rcxd5 25. Rexd5 Rxd5 26. Rxd5 exd5 27. Qf4 Qd7 28. h4 Qh3 29. a4 Qf1+ 30. Ka2 Qc4+ 31. Qxc4 bxc4 32. b4 cxb3+ 33. Kxb3 Kf8 34. c4 dxc4+ 35. Kxc4 Ke7 36. Kb5 Kd6 37. Kxa5 Kc5 38. f3 Kc6 39. Kb4 Kb6 40. a5+ Ka6 41. Ka4 Kb7 42. Kb5 Ka7 43. a6 1-0

[Event "32nd Panamerican Youth 2022"]
[Site "Montevideo"]
[Date "2022.06.30"]
[Round "7.7"]
[White "Silva, Juliana Figueira The"]
[Black "El Hage Serrano, Caely"]
[Result "0-1"]
[ECO "D02"]
[WhiteElo "1286"]
[BlackElo "1308"]
[Annotator "NA RC"]
[PlyCount "120"]
[EventDate "2022.06.26"]
[EventType "swiss"]
[EventCountry "URU"]
[SourceTitle "playchess.com"]
[Source "ChessBase"]
[SourceQuality "1"]
[TimeControl "5400+30"]

1. d4 d5 2. Nf3 e6 3. Bf4 c5 4. c3 Nf6 5. e3 h6 6. Be2 Nc6 7. Nbd2 Nh5 8. Bg3 Nxg3 9. hxg3 cxd4 10. cxd4 Bd6 11. a3 e5 12. O-O O-O 13. b4 e4 14. Ne1 Qg5 15. Nc2 f5 16. Kh2 Be6 17. Rh1 Qf6 18. Kg1 g5 19. Qe1 Rf7 20. f4 gxf4 21. gxf4 Rg7 22. Qf2 Be7 23. Rc1 Kh7 24. Ne1 Rag8 25. Rh2 Qg6 26. Bh5 Qf6 27. Nb3 Bf7 28. Be2 b6 29. b5 Nd8 30. a4 Ne6 31. Rc2 Nf8 32. Rc7 Be8 33. Rxa7 Qd6 34. a5 Ng6 35. Ra6 Qb4 36. Bd1 bxa5 37. Rxa5 Bxb5 38. Ra2 Bc4 39. Rb2 Qc3 40. Qd2 Bb4 41. Kf2 Qxb3 42. Bxb3 Bxd2 43. Bxc4 Bxe1+ 44. Kxe1 dxc4 45. Rb6 Rc7 46. Kd2 Ra8 47. d5 c3+ 48. Kc2 Ra2+ 49. Kc1 c2 50. Rc6 Ra1+ 51. Kb2 c1=Q+ 52. Rxc1 Raxc1 53. d6 R7c2+ 54. Kb3 Rd2 55. Rh3 Rxd6 56. g4 Rb6+ 57. Ka2 Rc7 58. Rxh6+ Kxh6 59. g5+ Kg7 60. Ka3 Ra7# 0-1

[Event "32nd Panamerican Youth 2022"]
[Site "Montevideo"]
[Date "2022.06.30"]
[Round "7.8"]
[White "Reyes Perez, Aracelly"]
[Black "Luna Monsalve, Sofia"]
[Result "1-0"]
[ECO "C50"]
[WhiteElo "1238"]
[BlackElo "1320"]
[Annotator "NA RC"]
[PlyCount "87"]
[EventDate "2022.06.26"]
[EventType "swiss"]
[EventCountry "URU"]
[SourceTitle "playchess.com"]
[Source "ChessBase"]
[SourceQuality "1"]
[TimeControl "5400+30"]

1. e4 e5 2. Nf3 Nc6 3. Bc4 Bc5 4. d3 Nf6 5. c3 d6 6. O-O a6 7. Nbd2 Ba7 8. Bb3 Be6 9. Re1 O-O 10. Nf1 h6 11. Ng3 Na5 12. Bc2 Nc6 13. Rf1 d5 14. exd5 Nxd5 15. a3 f5 16. c4 Nf6 17. b3 Re8 18. Bb2 f4 19. Ne4 Bg4 20. h3 Bh5 21. Ned2 Nd4 22. Bxd4 Bxd4 23. Rb1 Qd7 24. b4 Bc3 25. Nb3 Rad8 26. Kh2 g5 27. Nc5 Qc8 28. Ba4 c6 29. Qc2 Bd4 30. Nxd4 exd4 31. Rbe1 g4 32. Qd2 Qc7 33. Ne6 Qd6 34. Nxd8 f3+ 35. g3 Rxd8 36. Bb3 Qd7 37. c5+ Kh7 38. Be6 Qg7 39. Bf5+ Kh8 40. h4 Rd5 41. Qf4 Bg6 42. Bxg6 Qxg6 43. Qb8+ Kg7 44. Re7+ 1-0

[Event "32nd Panamerican Youth 2022"]
[Site "Montevideo"]
[Date "2022.06.30"]
[Round "7.9"]
[White "Tang, Benjamin"]
[Black "Marrujo Pardo, Mauricio Emmanuel"]
[Result "1/2-1/2"]
[ECO "C44"]
[WhiteElo "1707"]
[BlackElo "2049"]
[Annotator "RC"]
[PlyCount "63"]
[EventDate "2022.06.26"]
[EventType "swiss"]
[EventCountry "URU"]
[SourceTitle "playchess.com"]
[Source "ChessBase"]
[SourceQuality "1"]
[TimeControl "5400+30"]

1. e4 e5 2. Nf3 Nc6 3. d4 exd4 4. Nxd4 Qf6 5. Nb5 Bc5 6. Qe2 Bb6 7. N1c3 Nge7 8. Be3 Ba5 9. O-O-O a6 10. Nd5 Nxd5 11. exd5 axb5 12. Bd4+ Qe7 13. dxc6 Qxe2 14. cxd7+ Bxd7 15. Bxe2 Rg8 16. Bc5 c6 17. b4 Bc7 18. Rhe1 O-O-O 19. Kb1 Be6 20. Bd3 h6 21. Be4 Rge8 22. Rxd8+ Rxd8 23. g3 b6 24. Be3 Kb7 25. c3 Be5 26. Kb2 Bc4 27. Bc2 Bf6 28. Rd1 Rxd1 29. Bxd1 Bd5 30. Bb3 Bxb3 31. axb3 Kc7 32. Kc2 1/2-1/2

[Event "32nd Panamerican Youth 2022"]
[Site "Montevideo"]
[Date "2022.06.30"]
[Round "7.10"]
[White "Mercado Diaz, Fabricio Edwin"]
[Black "Hebbar, Eshaan"]
[Result "0-1"]
[ECO "C54"]
[WhiteElo "1549"]
[BlackElo "1742"]
[Annotator "NA RC"]
[PlyCount "76"]
[EventDate "2022.06.26"]
[EventType "swiss"]
[EventCountry "URU"]
[SourceTitle "playchess.com"]
[Source "ChessBase"]
[SourceQuality "1"]
[TimeControl "5400+30"]

1. e4 e5 2. Bc4 Nc6 3. Nf3 Bc5 4. c3 Nf6 5. d3 d6 6. O-O h6 7. b4 Bb6 8. a4 a6 9. h3 O-O 10. Nbd2 Ne7 11. Re1 c6 12. Bb2 Ng6 13. Bb3 Re8 14. Qc2 Nf4 15. Nc4 Bc7 16. d4 N6h5 17. Kh2 exd4 18. cxd4 d5 19. Nce5 f6 20. exd5 cxd5 21. g3 fxe5 22. gxf4 Nxf4 23. dxe5 Bxh3 24. Qd2 Rf8 25. Re4 g5 26. Rg1 Kh7 27. Re3 Bf5 28. Bc2 Ng6 29. Bxf5 Rxf5 30. Qc2 Qd7 31. Rc3 Bb8 32. Rd3 Qf7 33. Qd1 Nf4 34. Nd4 Nxd3 35. Qxd3 Bxe5+ 36. Rg3 Bxd4 37. Bxd4 Re8 38. f4 Qh5+ 0-1

[Event "32nd Panamerican Youth 2022"]
[Site "Montevideo"]
[Date "2022.06.30"]
[Round "7.11"]
[White "Fiorito, Francisco"]
[Black "Laura Cabrera, Jhon Magno"]
[Result "1-0"]
[ECO "B20"]
[WhiteElo "2208"]
[BlackElo "1356"]
[Annotator "RC"]
[PlyCount "99"]
[EventDate "2022.06.26"]
[EventType "swiss"]
[EventCountry "URU"]
[SourceTitle "playchess.com"]
[Source "ChessBase"]
[SourceQuality "1"]
[TimeControl "5400+30"]

1. e4 c5 2. d3 Nc6 3. g3 d5 4. Nd2 Nf6 5. Bg2 e6 6. Ngf3 Be7 7. O-O dxe4 8. dxe4 e5 9. c3 O-O 10. Qe2 Qc7 11. a4 h6 12. Nc4 Be6 13. Nh4 Na5 14. Nxa5 Qxa5 15. Nf5 Bxf5 16. exf5 Qc7 17. Qc4 a6 18. Be3 Rac8 19. Rfe1 Rfe8 20. Rad1 Red8 21. h3 Ne8 22. h4 h5 23. Bd5 Nd6 24. Qe2 Ne8 25. Bf3 Qa5 26. Bxb7 Rc7 27. Bxa6 Qxa4 28. Rxd8 Bxd8 29. Bb5 Qe4 30. Bxe8 Qxf5 31. Bb5 Qg6 32. Bg5 f6 33. Rd1 Be7 34. Bc1 Qf5 35. Bd3 Qc8 36. Qxh5 c4 37. Bg6 Bc5 38. Qh7+ Kf8 39. Qh8+ Ke7 40. Qxg7+ Ke6 41. Qh6 Qf8 42. Qh5 f5 43. Bh6 Qf6 44. Bg5 Qf8 45. Rd8 Qg7 46. Bxf5+ Kxf5 47. Qf3+ Ke6 48. Qg4+ Kf7 49. Qf5+ Qf6 50. Qxf6# 1-0

[Event "32nd Panamerican Youth 2022"]
[Site "Montevideo"]
[Date "2022.06.30"]
[Round "7.12"]
[White "Janampa Javier, Jhonatan David"]
[Black "Garzon Camelo, Andres Santiago"]
[Result "0-1"]
[ECO "B76"]
[WhiteElo "1413"]
[BlackElo "1741"]
[Annotator "NA RC"]
[PlyCount "120"]
[EventDate "2022.06.26"]
[EventType "swiss"]
[EventCountry "URU"]
[SourceTitle "playchess.com"]
[Source "ChessBase"]
[SourceQuality "1"]
[TimeControl "5400+30"]

1. e4 c5 2. Nf3 d6 3. d4 cxd4 4. Nxd4 Nf6 5. Nc3 g6 6. Be3 Bg7 7. f3 O-O 8. Qd2 Nc6 9. O-O-O d5 10. exd5 Nxd5 11. Nxc6 bxc6 12. Bd4 e5 13. Bc5 Be6 14. Ne4 Re8 15. h4 Nf4 16. Qxd8 Rexd8 17. Rxd8+ Rxd8 18. g3 Nh5 19. Ba6 Bh6+ 20. Kb1 f5 21. Be7 Rd5 22. Bc4 fxe4 23. fxe4 Nxg3 24. exd5 cxd5 25. Re1 dxc4 26. Rxe5 Kf7 27. Bg5 Bg7 28. Rc5 Bd4 29. Rc7+ Kg8 30. c3 Bb6 31. Re7 Bf7 32. Rd7 Nf5 33. Bf6 Kf8 34. a4 h5 35. a5 Bxa5 36. Rxa7 Bb6 37. Ra8+ Be8 38. Rc8 Kf7 39. Bg5 Nd6 40. Rb8 Bf2 41. Bf4 Nf5 42. Rb4 Bxh4 43. Rxc4 g5 44. Bh2 Bg3 45. Bxg3 Nxg3 46. Rc7+ Ke6 47. Rg7 Kf6 48. Rg8 Bg6+ 49. Kc1 h4 50. Kd2 h3 51. Rh8 Bh5 52. Rf8+ Kg7 53. Rf2 Ne4+ 54. Ke3 Nxf2 55. Kxf2 Bf7 56. Kg3 g4 57. b4 Bc4 58. Kf2 Kf6 59. b5 Bxb5 60. c4 Bxc4 0-1

[Event "32nd Panamerican Youth 2022"]
[Site "Montevideo"]
[Date "2022.06.30"]
[Round "7.13"]
[White "Diaz Bartolo, Elizabeth Schahrazad"]
[Black "Adam, Ernestina"]
[Result "1-0"]
[ECO "A01"]
[WhiteElo "1603"]
[BlackElo "1681"]
[Annotator "NA RC"]
[PlyCount "53"]
[EventDate "2022.06.26"]
[EventType "swiss"]
[EventCountry "URU"]
[SourceTitle "playchess.com"]
[Source "ChessBase"]
[SourceQuality "1"]
[TimeControl "5400+30"]

1. b3 Nf6 2. Bb2 g6 3. g3 Bg7 4. Bg2 O-O 5. e4 d6 6. d4 c6 7. Ne2 Qc7 8. O-O e5 9. c3 Re8 10. Nd2 Nbd7 11. Rc1 a5 12. h3 d5 13. f4 Nxe4 14. Nxe4 dxe4 15. fxe5 f6 16. exf6 Nxf6 17. Nf4 Bd7 18. c4 g5 19. Nh5 Nxh5 20. Qxh5 h6 21. Qg6 Re6 22. Qf7+ Kh7 23. d5 Rg6 24. d6 Qxd6 25. Rcd1 Rf8 26. Rxd6 Rxf7 27. Rxf7 1-0

[Event "32nd Panamerican Youth 2022"]
[Site "Montevideo"]
[Date "2022.06.30"]
[Round "7.14"]
[White "Chen, Rachel Ruoxuan"]
[Black "Mayeregger Gonzalez, Fiorella"]
[Result "1-0"]
[ECO "A30"]
[WhiteElo "1618"]
[BlackElo "1312"]
[Annotator "NA RC"]
[PlyCount "95"]
[EventDate "2022.06.26"]
[EventType "swiss"]
[EventCountry "URU"]
[SourceTitle "playchess.com"]
[Source "ChessBase"]
[SourceQuality "1"]
[TimeControl "5400+30"]

1. c4 c5 2. Nf3 e6 3. d4 cxd4 4. Nxd4 a6 5. e4 Qc7 6. Nc3 Nc6 7. Nxc6 bxc6 8. Bd3 Nf6 9. Qe2 d6 10. O-O Be7 11. Bf4 e5 12. Be3 Bg4 13. f3 Bh5 14. Na4 Rb8 15. b3 O-O 16. c5 a5 17. cxd6 Bxd6 18. Rac1 Nd7 19. Rc2 c5 20. Rfc1 Qa7 21. Nxc5 Nxc5 22. Bxc5 Bxc5+ 23. Rxc5 Rbc8 24. Qf2 Qb7 25. Qc2 Qb6 26. Kf1 Rce8 27. Qc3 Qb4 28. Rxa5 Qb8 29. Rc5 Bg6 30. a4 Rd8 31. a5 Qd6 32. Rd5 Qb8 33. Rxd8 Qxd8 34. a6 Qd6 35. Bc4 Ra8 36. Ra1 h6 37. a7 Qe7 38. Qe3 Kh7 39. Bd5 Qd8 40. Bxa8 Qxa8 41. Qb6 Bxe4 42. fxe4 Qxe4 43. a8=Q Qd3+ 44. Kg1 e4 45. Qaa7 Qc3 46. Qe3 Qf6 47. Qxe4+ g6 48. Rf1 1-0

[Event "32nd Panamerican Youth 2022"]
[Site "Montevideo"]
[Date "2022.06.30"]
[Round "7.15"]
[White "Da Cunha, Gabriela Goes"]
[Black "Villegas Ampuero, Consuelo"]
[Result "1-0"]
[ECO "A58"]
[WhiteElo "1726"]
[BlackElo "1333"]
[Annotator "NA RC"]
[PlyCount "63"]
[EventDate "2022.06.26"]
[EventType "swiss"]
[EventCountry "URU"]
[SourceTitle "playchess.com"]
[Source "ChessBase"]
[SourceQuality "1"]
[TimeControl "5400+30"]

1. d4 Nf6 2. c4 c5 3. d5 b5 4. cxb5 a6 5. bxa6 d6 6. Nc3 g6 7. e3 Bxa6 8. Bxa6 Nxa6 9. Nge2 Nb4 10. O-O Bg7 11. a3 c4 12. Rb1 Nd3 13. b3 Nxc1 14. Qxc1 cxb3 15. Rxb3 O-O 16. Nd4 Qa5 17. Nc6 Qc7 18. Qb1 e6 19. Rb7 Rab8 20. Rxc7 Rxb1 21. Rxb1 Ne8 22. Ne7+ Kh8 23. Rc8 Bxc3 24. Rxc3 Nf6 25. dxe6 fxe6 26. Rc8 Rxc8 27. Nxc8 Ne4 28. Rb8 Kg7 29. f3 Nc5 30. Nxd6 Kf6 31. Ne4+ Nxe4 32. fxe4 1-0

[Event "32nd Panamerican Youth 2022"]
[Site "Montevideo"]
[Date "2022.06.30"]
[Round "7.16"]
[White "Reifer-Belle, Chanon"]
[Black "Brito Carrascal, Isabela"]
[Result "0-1"]
[ECO "B43"]
[WhiteElo "1213"]
[BlackElo "1487"]
[Annotator "NA RC"]
[PlyCount "106"]
[EventDate "2022.06.26"]
[EventType "swiss"]
[EventCountry "URU"]
[SourceTitle "playchess.com"]
[Source "ChessBase"]
[SourceQuality "1"]
[TimeControl "5400+30"]

1. e4 c5 2. Nf3 e6 3. d4 cxd4 4. Nxd4 a6 5. Nc3 Qc7 6. f4 Bb4 7. Bd2 Nf6 8. Bd3 Bxc3 9. bxc3 d6 10. Qe2 e5 11. fxe5 dxe5 12. Nf5 Bxf5 13. exf5 O-O 14. O-O Nbd7 15. Qf3 Rfe8 16. Rfe1 Rac8 17. Kh1 Qc6 18. Qxc6 Rxc6 19. Be4 Rd6 20. Rad1 Nc5 21. Bf3 e4 22. Be2 Na4 23. c4 e3 24. Bxe3 Rxd1 25. Bxd1 Nb2 26. Bf3 Nxc4 27. Bf2 Rxe1+ 28. Bxe1 Nd6 29. Bc3 Nfe4 30. Be5 f6 31. Bxd6 Nxd6 32. Bd5+ Kf8 33. Kg1 b5 34. g4 Nf7 35. Bxf7 Kxf7 36. Kf2 Ke7 37. Ke3 Kd6 38. Kd4 a5 39. h4 h6 40. a3 Kc6 41. h5 Kd6 42. c4 Kc6 43. cxb5+ Kxb5 44. a4+ Kxa4 45. Kc4 Ka3 46. Kb5 Kb3 47. Kxa5 Kc4 48. Kb6 Kd5 49. Kc7 Ke4 50. Kd7 Kf4 51. Ke7 Kxg4 52. Kf7 Kxh5 53. Kxg7 Kg5 0-1

[Event "32nd Panamerican Youth 2022"]
[Site "Montevideo"]
[Date "2022.06.30"]
[Round "7.17"]
[White "Ticona Rocabado, Licael Roderick"]
[Black "Caceres Benitez, Arturo Eduardo"]
[Result "1/2-1/2"]
[ECO "A06"]
[WhiteElo "2097"]
[BlackElo "1570"]
[Annotator "RC"]
[PlyCount "151"]
[EventDate "2022.06.26"]
[EventType "swiss"]
[EventCountry "URU"]
[SourceTitle "playchess.com"]
[Source "ChessBase"]
[SourceQuality "1"]
[TimeControl "5400+30"]

1. Nf3 d5 2. g3 Nc6 3. d4 Nf6 4. Bg2 Bf5 5. O-O h6 6. c3 e6 7. Nbd2 b5 8. Re1 g5 9. Ne5 Nxe5 10. dxe5 Ne4 11. Nb3 g4 12. Nd4 Bc5 13. Be3 Bg6 14. f3 Ng5 15. fxg4 Be4 16. h4 Bxg2 17. Kxg2 Ne4 18. Qd3 Qd7 19. Rf1 Bb6 20. Rf4 c5 21. Nc2 a6 22. Raf1 Rh7 23. Kh2 Rg7 24. R4f3 Rh7 25. Rf4 Rg7 26. Rxe4 dxe4 27. Qxe4 Qd5 28. Qxd5 exd5 29. Rf6 Rg6 30. Bxh6 Bd8 31. Rxg6 fxg6 32. Ne1 Ra7 33. Be3 Re7 34. Bxc5 Rxe5 35. e3 Re4 36. Kh3 Kf7 37. Nd3 a5 38. Nf4 Bc7 39. Bd4 Bxf4 40. gxf4 Kg8 41. g5 Kf7 42. Kg4 Ke6 43. h5 gxh5+ 44. Kxh5 Kf5 45. g6 Re6 46. g7 Rg6 47. Kh4 a4 48. Kh3 Ke4 49. Kh4 Kf5 50. Kh5 Rg2 51. Kh4 Rg6 52. Kh3 Ke4 53. Bf6 Kf5 54. Be5 Rg4 55. b3 axb3 56. axb3 Rg6 57. Bd4 Ke4 58. Bf6 Kf5 59. Be5 Ke4 60. Kh4 Kf5 61. Bd4 Rg4+ 62. Kh3 Rg6 63. Be5 Ke4 64. Kh4 Kf5 65. Kh3 Ke4 66. Kh2 Kf5 67. Kh3 Ke4 68. b4 Kf5 69. Kh4 Rg4+ 70. Kh5 Rg2 71. Kh4 Rg4+ 72. Kh3 Rg6 73. Bd4 Ke4 74. Bf6 Kf5 75. Be5 Ke4 76. Kh2 1/2-1/2

[Event "32nd Panamerican Youth 2022"]
[Site "Montevideo"]
[Date "2022.06.30"]
[Round "7.18"]
[White "Zacarias Rodriguez, Santiago"]
[Black "Sloan, Jed"]
[Result "1-0"]
[ECO "B48"]
[WhiteElo "2069"]
[BlackElo "1974"]
[Annotator "RC"]
[PlyCount "51"]
[EventDate "2022.06.26"]
[EventType "swiss"]
[EventCountry "URU"]
[SourceTitle "playchess.com"]
[Source "ChessBase"]
[SourceQuality "1"]
[TimeControl "5400+30"]

1. e4 c5 2. Nf3 e6 3. d4 cxd4 4. Nxd4 Nc6 5. Nc3 Qc7 6. Be3 a6 7. a3 Nf6 8. f4 d6 9. Be2 Be7 10. O-O O-O 11. Kh1 b5 12. Nxc6 Qxc6 13. e5 dxe5 14. fxe5 Nd5 15. Nxd5 exd5 16. Bd4 Be6 17. Bd3 Qd7 18. Qh5 h6 19. Rf6 Bg4 20. Qh4 Rfd8 21. h3 Be6 22. Qg3 Kh8 23. Rxf7 g5 24. Rh7+ Kg8 25. Qf3 g4 26. Qe3 1-0

[Event "32nd Panamerican Youth 2022"]
[Site "Montevideo"]
[Date "2022.06.30"]
[Round "7.19"]
[White "Caceres Sandoval, Eduardo"]
[Black "Cabiativa, Juan Esteban"]
[Result "1-0"]
[ECO "B54"]
[WhiteElo "1751"]
[BlackElo "2019"]
[Annotator "RC"]
[PlyCount "131"]
[EventDate "2022.06.26"]
[EventType "swiss"]
[EventCountry "URU"]
[SourceTitle "playchess.com"]
[Source "ChessBase"]
[SourceQuality "1"]
[TimeControl "5400+30"]

1. e4 c5 2. Nf3 d6 3. d4 cxd4 4. Nxd4 Nf6 5. f3 g6 6. c4 Bg7 7. Nc3 O-O 8. Be3 Nc6 9. Be2 Bd7 10. O-O Nxd4 11. Bxd4 Bc6 12. Qd2 a5 13. b3 Nd7 14. Bf2 Nc5 15. Rab1 Be5 16. a3 b6 17. b4 axb4 18. axb4 Na4 19. Nxa4 Rxa4 20. Bd1 Ra3 21. Bb3 b5 22. Rfc1 Qb8 23. Bd4 bxc4 24. Bxc4 Bxd4+ 25. Qxd4 Bb5 26. Qd5 Qb6+ 27. Kh1 Bd7 28. b5 Qf2 29. Rf1 Qb6 30. Rfc1 Raa8 31. Qd2 Rac8 32. Qa2 Ra8 33. Qb3 Kg7 34. Bd5 Ra7 35. Bc6 Be6 36. Qb2+ f6 37. Ra1 Rb8 38. Rxa7 Qxa7 39. Qa1 Qe3 40. Qc3 Qxc3 41. Rxc3 f5 42. Kg1 Kf6 43. Kf2 fxe4 44. fxe4 Ke5 45. Ke3 d5 46. Rc5 Kd6 47. Kd4 dxe4 48. Bxe4 Bd7 49. Kc4 Bc8 50. Rd5+ Kc7 51. Kc5 Bb7 52. b6+ Kc8 53. Re5 Bxe4 54. Rxe4 Rb7 55. Ra4 Kb8 56. Kc6 e5 57. Ra7 Rxa7 58. bxa7+ Kxa7 59. Kd5 Kb7 60. Kxe5 Kc6 61. Kf6 Kd5 62. Kg7 Ke5 63. Kxh7 Kf5 64. Kh6 g5 65. Kh5 g4 66. g3 1-0

[Event "32nd Panamerican Youth 2022"]
[Site "Montevideo"]
[Date "2022.06.30"]
[Round "7.20"]
[White "Handsztok, Matias"]
[Black "Claure Verastegui, Rene David"]
[Result "1-0"]
[ECO "D43"]
[WhiteElo "1868"]
[BlackElo "1586"]
[Annotator "NA RC"]
[PlyCount "147"]
[EventDate "2022.06.26"]
[EventType "swiss"]
[EventCountry "URU"]
[SourceTitle "playchess.com"]
[Source "ChessBase"]
[SourceQuality "1"]
[TimeControl "5400+30"]

1. d4 d5 2. c4 c6 3. Nf3 Nf6 4. Nc3 e6 5. Bg5 Be7 6. e3 Nbd7 7. Bd3 O-O 8. Qc2 a6 9. h3 dxc4 10. Bxc4 b5 11. Bd3 Bb7 12. Rd1 h6 13. Bh4 Nd5 14. Nxd5 cxd5 15. Bxe7 Qxe7 16. Qc7 Rab8 17. O-O Rfc8 18. Qa5 Qd6 19. Rc1 Nb6 20. b3 Nd7 21. a3 f6 22. Bb1 Rc6 23. Rxc6 Qxc6 24. Ne1 Rc8 25. Nd3 Qc3 26. b4 Qc6 27. Nc5 Nb6 $1 28. Bd3 Na8 $2 {[%emt 0:11:04] [#]} (28... Nc4 $11 29. Bxc4 dxc4) 29. a4 $1 Nc7 30. axb5 axb5 31. Qa7 Ba6 32. Nxa6 Nxa6 {[%emt 0:01:12] [#]} 33. Ra1 $1 Nc7 (33... Nb8 $142 34. g4 (34. Bg6 Qc7 $16) 34... Qe8) 34. Qc5 Qxc5 35. bxc5 Kf7 36. Ra7 Ke8 37. Rb7 Kd8 38. Bxb5 Ra8 39. Rb6 Ra1+ 40. Kh2 e5 $2 (40... Nxb5 {is more resistant.} 41. Rxb5 Ra7) 41. Rd6+ Kc8 42. Bc6 Ra6 43. Kg3 Ra3 44. f3 $2 (44. Bd7+ Kb8 45. Rb6+ Ka7 46. Bc6) 44... Rxe3 45. Bd7+ Kd8 $2 (45... Kb8) 46. Bf5+ Ke8 {[%emt 0:00:32] [#]} 47. c6 $1 Na6 48. Bg6+ Ke7 49. Rd7+ Ke6 50. Bf7+ $2 (50. Kf2 Nb4 51. Bf7+ Kf5 52. Kxe3 Nxc6 53. Bxd5 exd4+ 54. Kd2) 50... Kf5 51. Bxd5 exd4 52. Ra7 Ke5 53. Bc4 ({Inferior is} 53. Rxa6 Kxd5 54. c7 Rc3 55. Ra5+ Ke6 $11) 53... Rc3 54. Bxa6 Rxc6 55. Bd3 Rc3 56. Ra5+ Ke6 57. Bf5+ Kd6 58. Be4 Ke6 59. Rd5 Rc4 60. Rd8 Rb4 61. Bd3 Ke7 62. Rd5 Ke6 63. Rb5 Ra4 64. Kf4 Ke7 65. Ke4 Ra2 66. g4 Rh2 67. Rb7+ Kf8 68. Kf5 Rxh3 69. Be4 h5 70. Ke6 g5 71. Kxf6 Ke8 72. gxh5 d3 73. Bf5 Rxf3 74. Rb8# 1-0

[Event "32nd Panamerican Youth 2022"]
[Site "Montevideo"]
[Date "2022.07.01"]
[Round "8.9"]
[White "Tang, Benjamin"]
[Black "Fiorito, Francisco"]
[Result "0-1"]
[ECO "B38"]
[WhiteElo "1707"]
[BlackElo "2268"]
[Annotator "RC"]
[PlyCount "64"]
[EventDate "2022.06.26"]
[EventType "swiss"]
[EventCountry "URU"]
[SourceTitle "playchess.com"]
[Source "ChessBase"]
[SourceQuality "1"]
[TimeControl "5400+30"]

1. e4 c5 2. Nf3 Nc6 3. d4 cxd4 4. Nxd4 g6 5. c4 Bg7 6. Be3 Nf6 7. Nc3 d6 8. Be2 O-O 9. O-O Bd7 10. h3 Nxd4 11. Bxd4 Bc6 12. Qc2 a5 13. b3 Nd7 14. Bxg7 Kxg7 15. Rad1 Qb6 16. Nd5 Bxd5 17. exd5 Nc5 18. Qb2+ Kg8 19. Rd4 Qb4 20. Rb1 f5 21. Bf3 Nd7 22. Be2 Nc5 23. h4 Rf6 24. h5 g5 25. Qc1 h6 26. Qc2 Qb6 27. Rdd1 Raf8 28. Bd3 Nd7 29. Re1 Ne5 30. Re2 Qd4 31. Rd1 Qg4 32. Rde1 Nf3+ 0-1